 Dungeon Crawl Stone Soup version 0.27.0-1-g7a089689b8 (webtiles) character file.

Game seed: 11960911570376578933

157 HungrySpirit the Chopper (level 5, -1/45 HPs)
             Began as a Minotaur Gladiator on July 31, 2021.
             Was a Follower of Nemelex Xobeh.
             Slain by Robin (5 damage)
             ... on level 2 of the Dungeon.
             The game lasted 00:01:51 (2186 turns).

HungrySpirit the Chopper (Minotaur Gladiator)       Turns: 2186, Time: 00:01:51

Health: -1/45      AC:  3    Str: 18    XL:     5   Next: 15%
Magic:  4/4        EV: 13    Int:  5    God:    Nemelex Xobeh [*.....]
Gold:   47         SH:  0    Dex: 13    Spells: 4/4 levels left

rFire    . . .     SeeInvis .   m - +0 hand axe
rCold    . . .     Faith    .   (no shield)
rNeg     + . .     Spirit   .   b - +0 leather armour
rPois    .         Reflect  .   c - +0 hat
rElec    .         Harm     .   (no cloak)
rCorr    .         Rampage  .   (no gloves)
Will     .....                  (no boots)
Stlth    +.........             (no amulet)
HPRegen  0.15/turn              n - ring of positive energy
MPRegen  0.09/turn              (no ring)

@: no status effects
A: horns 2, retaliatory headbutt
a: Renounce Religion, Draw Escape, Draw Destruction, Draw Summoning


You were on level 2 of the Dungeon.
You worshipped Nemelex Xobeh.
Nemelex Xobeh was aware of your devotion.
You visited 1 branch of the dungeon, and saw 2 of its levels.

You collected 47 gold pieces.

Inventory:

Hand Weapons
 a - a +0 war axe
 m - a +0 hand axe (weapon)
Missiles
 d - 3 throwing nets (quivered)
Armour
 b - a +0 leather armour (worn)
 c - a +0 hat (worn)
Jewellery
 h - a ring of ice
 n - a ring of positive energy (left hand)
Scrolls
 e - a scroll of torment {unknown}
 g - a scroll of summoning {unknown}
 j - a scroll of immolation {unknown}
 o - a scroll of teleportation {unknown}
Potions
 f - 2 potions of flight {unknown}
 i - a potion of magic {unknown}
 k - a potion of attraction {unknown}
 l - a potion of mutation {unknown}
 p - 2 potions of degeneration {unknown}


   Skills:
 + Level 3.5 Fighting
 * Level 5.2 Axes
 - Level 2.0 Throwing
 + Level 2.4 Armour
 + Level 4.1 Dodging


You had 4 spell levels left.
You didn't know any spells.
Your spell library was empty.

Dungeon Overview and Level Annotations

Branches:
Dungeon (2/15)

Altars:
Nemelex Xobeh

Annotations:
D:2 Natasha, Robin


Innate Abilities, Weirdness & Mutations

You have a pair of horns on your head.
You reflexively headbutt those who attack you in melee.


Message History

You hit the hobgoblin.
You kill the hobgoblin!
You closely miss Robin. You barely miss Natasha.
Natasha casts a spell.
Robin misses you.
Unknown command.
You completely miss Natasha.
Natasha is moderately wounded.
You hit Robin. Natasha casts a spell at you. The magic dart hits you.
Robin barely misses you.
Unknown command.
You barely miss Natasha. Your headbutt misses Natasha.
Natasha is moderately wounded.
You hit Robin but do no damage. Robin misses you.
Natasha zaps a wand.
The puff of flame hits you! Natasha claws you. Robin misses you.
You furiously retaliate!
You headbutt Robin.
Unknown command.
You are too injured to fight recklessly!
Unknown command.
You are too injured to fight recklessly!
You barely miss Robin.
Robin is moderately wounded.
You hit Natasha.
Natasha zaps a wand.
The puff of flame misses you. Robin hits you with a +0 short sword.
Unknown command.
You hit Robin but do no damage.
Robin is moderately wounded.
You hit the iron imp. You hit Natasha. The iron imp hits you.
* * * LOW HITPOINT WARNING * * *
Natasha zaps a wand.
The puff of flame hits you.
* * * LOW HITPOINT WARNING * * *
Robin hits you but does no damage.
Okay, then.
You hit Robin but do no damage.
Robin is moderately wounded.
You hit Natasha but do no damage. You hit the iron imp but do no damage.
Robin hits you with a +0 short sword.
You die...
Your body glows slightly and disappears.

#. #. #.# #.. #.#
.... #.#
....#####.#
..........
#.........########
## ######
#.....h†##.....#..
.. .....#
......g@)..###.#.#
#. .....#
#.$...5†#### #.#.#
#. .....#
#.......# #.#.# #.
.....# #########
#.#.# #. ######
#.#.######.
#########
#.#<.......
##.......#
#.#.#####..
#........#
######.#.#####..
#........#
#...........##.#


You could see an iron imp (summoned), Robin and Natasha.

Vanquished Creatures
  Jessica (D:2)
  Natasha (twice) (D:2)
  An adder (D:2)
  A worm (D:2)
  2 bats
  4 endoplasms
  4 giant cockroaches
  8 goblins
  11 hobgoblins
  7 jackals
  4 kobolds (D:1)
  4 quokkas
  9 ball pythons
  4 rats (D:1)
62 creatures vanquished.

Notes
Turn   | Place    | Note
-------+----------+-------------------------------------------
     0 | D:1      | HungrySpirit the Minotaur Gladiator began the quest for the
                  | Orb.
     0 | D:1      | Reached XP level 1. HP: 18/18 MP: 0/0
    72 | D:1      | Found a faded altar of an unknown god.
    88 | D:1      | Became a worshipper of Nemelex Xobeh the Trickster
    88 | D:1      | Reached * piety under Nemelex Xobeh
    88 | D:1      | Received a gift from Nemelex Xobeh
   370 | D:1      | Reached XP level 2. HP: 22/25 MP: 1/1
   373 | D:1      | Reached skill level 4 in Axes
   577 | D:1      | Reached skill level 1 in Armour
   976 | D:1      | Reached XP level 3. HP: 30/30 MP: 2/2
  1084 | D:2      | Noticed Jessica
  1100 | D:2      | Killed Jessica
  1354 | D:2      | Noticed Natasha
  1364 | D:2      | Killed Natasha
  1365 | D:2      | Reached XP level 4. HP: 18/38 MP: 3/3
  1652 | D:2      | Reached skill level 5 in Axes
  1956 | D:2      | Noticed Natasha
  1962 | D:2      | Killed Natasha
  1963 | D:2      | Reached XP level 5. HP: 35/45 MP: 4/4
  2174 | D:2      | Noticed Robin
  2174 | D:2      | Noticed Natasha
  2186 | D:2      | Slain by Robin

Illustrated notes

Levels and vault maps discovered:
D:1:      saegor_arrival_simple_c, layout_basic, basic_ecumenical_altar
D:2:      layout_basic, st_stairs_11, uniq_robin, uniq_natasha, uniq_jessica

Skill      XL: |  1  2  3  4 |
---------------+-------------+-----
Axes           | 4 5 |  5.2
Armour         | 1 2 |  2.4
Fighting       | 3 |  3.5
Dodging        | 4 |  4.1
Throwing       | |  2.0

Action                   |  1- 3 |  4- 6 || total
-------------------------+-------+-------++-------
Melee: War axe           |    54 |       ||    54
       Headbutt          |    14 |     6 ||    20
       Hand axe          |     6 |    53 ||    59
 Stab: Sleeping          |     1 |       ||     1
Armor: Leather armour    |    13 |     9 ||    22
Dodge: Dodged            |    33 |    55 ||    88
